 Dungeon Crawl Stone Soup version 0.26.1-11-gd32895ea62 (webtiles) character file.

Game seed: 15268987952611259675

936 buriedalive the Chiller (level 7, -3/36 HPs)
             Began as a Deep Elf Ice Elementalist on May 21, 2021.
             Slain by a centaur (9 damage)
             ... on level 6 of the Dungeon.
             The game lasted 00:11:29 (7231 turns).

buriedalive the Chiller (Deep Elf Ice Elementalist) Turns: 7231, Time: 00:11:30

Health: -3/36      AC: 11    Str: 11    XL:     7   Next: 87%
Magic:  24/25      EV: 17    Int: 22    God:
Gold:   304        SH:  0    Dex: 15    Spells: 9/16 levels left

rFire    . . .     SeeInvis +   w - +1 dagger (protect)
rCold    . . .     Faith    .   (no shield)
rNeg     . . .     Spirit   .   a - +0 robe
rPois    .         Reflect  .   v - +1 helmet of Beogh's Castigation {-Tele MP+9 Slay+4 SInv}
rElec    .         Harm     .   (no cloak)
rCorr    .         Rampage  .   (no gloves)
Will     .....     NoTele   +   (no boots)
Stlth    +++.......             (no amulet)
HPRegen  0.12/turn              h - +6 ring of strength
MPRegen  0.19/turn              l - ring of stealth

@: protection aura
A: no striking features
a: no special abilities


You were on level 6 of the Dungeon.
You visited 1 branch of the dungeon, and saw 6 of its levels.

You collected 304 gold pieces.

Inventory:

Hand Weapons
 f - a +1 whip of freezing
 u - a +2 dagger of freezing
 w - a +1 dagger of protection (weapon)
Missiles
 d - 213 stones
 y - 9 poisoned darts
Armour
 a - a +0 robe (worn)
 p - a +2 kite shield
 v - the +1 helmet of Beogh's Castigation (worn) {-Tele MP+9 Slay+4 SInv}
   (You took it off Robin on level 4 of the Dungeon)

   It affects your accuracy and damage with ranged weapons and melee attacks
   (+4).
   It affects your magic capacity (+9).
   It lets you see invisible.
   It prevents most forms of teleportation.
Jewellery
 h - a +6 ring of strength (left hand)
 l - a ring of stealth (right hand)
 z - an uncursed ring of resist corrosion
Wands
 n - a wand of flame (8)
 s - a wand of paralysis (9)
Scrolls
 b - 4 scrolls of identify {unknown}
 g - a scroll of random uselessness {unknown}
 j - a scroll of immolation {unknown}
 k - 2 scrolls of amnesia {unknown}
 m - 2 scrolls of remove curse {unknown}
 q - a scroll of teleportation {unknown}
 r - 2 scrolls of magic mapping {unknown}
 x - 2 scrolls of fear {unknown}
Potions
 c - a potion of curing {unknown}
 e - 2 potions of heal wounds
 i - 2 potions of degeneration {unknown}
 o - a potion of lignification {unknown}
 t - a potion of haste


   Skills:
 + Level 7.5 Dodging
 - Level 2.4 Stealth
 - Level 5.0 Spellcasting
 + Level 7.9 Ice Magic


You had 9 spell levels left.
You knew the following spells:

 Your Spells              Type           Power        Failure   Level
a - Freeze                Ice            100%         1%          1
b - Frozen Ramparts       Ice            80%          1%          3
c - Ozocubu's Armour      Ice            40%          1%          3

Your spell library contained the following spells:

 Spells                   Type           Power        Failure   Level
 Hailstorm                Conj/Ice       23%          21%         4
 Summon Ice Beast         Ice/Summ       23%          21%         4


Dungeon Overview and Level Annotations

Branches:
Dungeon (6/15)
 Temple: D:4-7

Altars:
Cheibriados
Gozag
Vehumet


Message History

The phantom blinks!
There is an escape hatch in the floor here.
You slide downwards.
The hatch slams shut behind you.
A centaur comes into view.
Found a wand of flame (10).
The centaur shouts!
You hit the centaur.
Your weapon exudes an aura of protection.
The centaur is lightly wounded.
The centaur hits you.
* * * LOW HITPOINT WARNING * * *
Casting: Ozocubu's Armour (safe; 1% risk of failure)
Confirm with . or Enter, or press ? or * to list all spells.
Aiming: Freeze (safe; 1% risk of failure)
Press: ? - help, Shift-Dir - straight line, f - centaur
Aim: a centaur, quivering 23 arrows (lightly wounded)
You freeze the centaur!
The centaur is heavily wounded.
The centaur barely misses you. The centaur hits you!
You die...

### ..#
#.#
##...##
.#.#.
... #c#
#@# #.#
#.# #.#
... ...
...
.....


You could see a centaur.

Vanquished Creatures
  Eustachio (D:4)
  A necrophage (D:5)
  2 ogres (D:5)
  A scorpion (D:4)
  A bullfrog zombie (D:5)
  2 bullfrog skeletons
  2 jellies (D:5)
  A hound (D:5)
  An orc wizard (D:5)
  Jessica (D:2)
  Natasha (D:2)
  Robin (D:4)
  5 adders
  A shadow imp (D:5)
  A white imp (D:5)
  4 oozes
  An adder zombie (D:5)
  7 dart slugs
  2 leopard geckos (D:1)
  6 orcs
  2 ball pythons
  6 giant cockroaches
  17 goblins
  15 hobgoblins
  7 jackals
  4 quokkas
  4 bats
  4 frilled lizards
  8 kobolds
  A quokka zombie (D:5)
  9 rats
119 creatures vanquished.

Notes
Turn   | Place    | Note
-------+----------+-------------------------------------------
     0 | D:1      | buriedalive the Deep Elf Ice Elementalist began the quest
                  | for the Orb.
     0 | D:1      | Reached XP level 1. HP: 10/10 MP: 6/6
   153 | D:1      | Reached XP level 2. HP: 6/15 MP: 2/8
  1071 | D:1      | Reached XP level 3. HP: 19/19 MP: 7/9
  1082 | D:1      | Reached skill level 5 in Ice Magic
  2150 | D:2      | Found a radiant altar of Vehumet.
  2413 | D:2      | Found an opulent altar of Gozag.
  2939 | D:2      | Noticed Jessica
  2948 | D:2      | Killed Jessica
  2949 | D:2      | Reached XP level 4. HP: 24/24 MP: 4/10
  3097 | D:2      | Found a snail-covered altar of Cheibriados.
  3415 | D:2      | Noticed Natasha
  3419 | D:2      | Killed Natasha
  3807 | D:3      | Learned a level 3 spell: Frozen Ramparts
  3811 | D:3      | Learned a level 3 spell: Ozocubu's Armour
  3977 | D:3      | Reached XP level 5. HP: 27/28 MP: 7/11
  4430 | D:3      | Reached skill level 5 in Dodging
  5529 | D:4      | Identified the +1 helmet of Beogh's Castigation {-Tele MP+9
                  | Slay+4 SInv}
  5529 | D:4      | Noticed Robin
  5544 | D:4      | Killed Robin
  5817 | D:4      | Noticed Eustachio
  5827 | D:4      | Reached XP level 6. HP: 32/32 MP: 13/13
  5872 | D:4      | Killed Eustachio
  6392 | D:5      | Entered Level 5 of the Dungeon
  6503 | D:5      | Reached skill level 5 in Spellcasting
  6503 | D:5      | Reached XP level 7. HP: 36/36 MP: 16/16
  7231 | D:6      | Slain by a centaur

Illustrated notes

Levels and vault maps discovered:
D:1:      sevenhm_arrival_forest_fort_small_5, layout_rooms, minmay_bisected
D:2:      layout_basic, grunt_gozag_breadcrumbs, vehumet_crystals,
          cheibriados_altar_1, uniq_jessica, uniq_natasha
D:3:      layout_loops_corners, grunt_decor_one_mirror,
          chequers_serial_rivers_large_a, guppyfry_early_orc_mine
D:4:      layout_loops_ring, uniq_robin, uniq_eustachio
D:5:      minmay_chambers_of_threes, layout_basic, minmay_door_square, tgw_xom
D:6:      layout_loops_ring, gammafunk_ghost_cemetery

Skill      XL: |  1  2  3  4  5  6  7 |
---------------+----------------------+-----
Dodging        | 3 4 5 6 7 |  7.5
Ice Magic      | 5 6 7 |  7.9
Spellcasting   | 5 |  5.0
Stealth        | |  2.4

Action                   |  1- 3 |  4- 6 |  7- 9 || total
-------------------------+-------+-------+-------++-------
Melee: Unarmed           |    34 |       |       ||    34
       Whip              |    58 |   100 |       ||   158
       Dagger            |       |    36 |    68 ||   104
 Cast: Freeze            |    42 |    20 |    16 ||    78
       Frozen Ramparts   |       |     8 |     3 ||    11
       Ozocubu's Armour  |       |     5 |     3 ||     8
Evoke: Wand              |       |     2 |       ||     2
  Use: Potion            |       |       |     2 ||     2
 Stab: Sleeping          |     3 |    12 |     3 ||    18
Armor: Robe              |    18 |    21 |    14 ||    53
Dodge: Dodged            |    84 |   118 |    64 ||   266
